 Dungeon Crawl Stone Soup version 0.30-a0-4-ga7cffc901d (webtiles) character file.

Game seed: 18339626973656944344

168 Setbun the Sneak (level 5, -4/27 (29) HPs)
             Began as a Kobold Enchanter on Aug 20, 2022.
             Slain by an orc priest
             ... wielding a +2 flail of protection
              (9 damage)
             ... on level 4 of the Dungeon.
             The game lasted 00:07:13 (4853 turns).

Setbun the Sneak (Kobold Enchanter)                 Turns: 4853, Time: 00:07:13

HP:   -4/27 (29)    AC:  3    Str:  5    XL:     5   Next: 78%
MP:   2/9           EV: 16    Int: 17    God:
Gold: 176           SH:  0    Dex: 17    Spells: 4/9 levels left

rFire   . . .      SeeInvis .    f - +2 dagger (venom)
rCold   . . .      Faith    .    (no shield)
rNeg    . . .      Spirit   .    b - +0 robe
rPois   .          Reflect  .    (no helmet)
rElec   .          Harm     .    (no cloak)
rCorr   .          Rampage  .    t - +0 pair of gloves
Will    .....                    (no boots)
Stlth   ++........               (no amulet)
HPRegen 0.09/turn                (no ring)
MPRegen 0.11/turn                (no ring)

@: confused, drained
A: small, no large weapons, nightstalker 3
a: no special abilities


You were on level 4 of the Dungeon.
You visited 1 branch of the dungeon, and saw 4 of its levels.

You collected 176 gold pieces.

Inventory:

Hand Weapons
 a - a +1 dagger
 f - a +2 dagger of venom (weapon)
Armour
 b - a +0 robe (worn)
 t - a +0 pair of gloves (worn)
Scrolls
 d - a scroll of summoning {unknown}
 g - 3 scrolls of amnesia {unknown}
 l - a scroll of enchant weapon {unknown}
 m - 2 scrolls of identify {unknown}
 o - 3 scrolls of poison {unknown}
 q - a scroll of silence {unknown}
 r - a scroll of immolation {unknown}
 s - a scroll of fear {unknown}
 u - a scroll of acquirement {unknown}
 v - a scroll of teleportation {unknown}
Potions
 c - a potion of invisibility
 e - a potion of mutation {unknown}
 h - 3 potions of lignification {unknown}
 i - a potion of curing {unknown}
 j - 2 potions of flight {unknown}
 k - a potion of brilliance {unknown}
 n - 2 potions of heal wounds {unknown}
 p - a potion of berserk rage {unknown}


   Skills:
 + Level 1.6 Fighting
 * Level 3.9 Short Blades
 + Level 3.4 Dodging
 + Level 4.8 Stealth
 + Level 2.8 Spellcasting
 + Level 3.6 Hexes


You had 4 spell levels left.
You knew the following spells:

 Your Spells              Type           Power      Damage    Failure   Level
a - Ensorcelled Hibernat  Hex/Ice        16%        N/A       13%         2
b - Confusing Touch       Hex            14%        N/A       12%         3

Your spell library contained the following spells:

 Spells                   Type           Power      Damage    Failure   Level
 Tukima's Dance           Hex            14%        N/A       12%         3
 Apportation              Tloc           4%         N/A       19%         1
 Foxfire                  Conj/Fire      8%         2x1d4     19%         1
 Necrotise                Necr           8%         1d4       19%         1
 Summon Small Mammal      Summ           8%         N/A       19%         1
 Dazzling Flash           Conj/Hex       16%        N/A       26%         3
 Inner Flame              Hex/Fire       8%         N/A       26%         3
 Conjure Flame            Conj/Fire      2%         6-21      47%         3
 Flame Wave               Conj/Fire      2%         2d4       87%         4


Dungeon Overview and Level Annotations

Branches:
Dungeon (4/15)
 Temple: D:4-7

Altars:
Makhleb
Zin

Shops:
D:2 *   D:3 :


Innate Abilities, Weirdness & Mutations

You are small and have problems with some larger weapons.
You are completely attuned to the shadows.


Message History

You perforate the orc like a sieve!!!
You kill the orc!
The orc priest shouts!
You hit the necrophage.
The necrophage is lightly damaged.
The necrophage hits you.
You feel drained.
You barely miss the necrophage.
The necrophage is lightly damaged.
The necrophage closely misses you.
The orc priest mumbles some strange prayers to Beogh against you.
Beogh smites you!
You hear a shout!
Casting: Ensorcelled Hibernation (safe; 13% risk of failure)
Confirm with . or Enter, or press ? or * to list all spells.
You don't know that spell.
Sorry, you're not good enough to have a special ability.
Casting: Ensorcelled Hibernation (safe; 13% risk of failure)
Confirm with . or Enter, or press ? or * to list all spells.
Aiming: Ensorcelled Hibernation (safe; 13% risk of failure)
Press: ? - help, Shift-Dir - straight line, f - orc priest
Aim: an orc priest, wielding a +2 flail of protection and wearing a +0 leather armour (chance to affect: 41%)
The orc priest resists with some effort.
The necrophage closely misses you.
Casting: Ensorcelled Hibernation (safe; 13% risk of failure)
Confirm with . or Enter, or press ? or * to list all spells.
Aiming: Ensorcelled Hibernation (safe; 13% risk of failure)
Press: ? - help, Shift-Dir - straight line, f/p - orc priest
Aim: an orc priest, wielding a +2 flail of protection and wearing a +0 leather armour (chance to affect: 41%)
The orc priest looks drowsy...
The necrophage barely misses you. The orc wizard casts a spell at you.
You are confused.
You hit the orc priest but do no damage.
The orc priest is poisoned.
The orc priest shouts!
The necrophage hits you.
* * * LOW HITPOINT WARNING * * *
You feel drained.
* * * LOW HITPOINT WARNING * * *
The orc priest hits you with a +2 flail of protection!
You die...

#.≈.#.... #.≈......
.#.≈...... ..#. #.≈.#
...≈......
....##.≈.#####.≈......
.....o.≈.......≈..####
.......≈.≈≈≈≈≈≈≈..<...
.....)o..........#####
.....@####...........#
.....n)).'...........'
.####.####...........#
#(# #............ #.#
######....... #.#
#....... #.# #.......
######.. #.......


You could see a necrophage, an orc priest (very poisoned) and an orc wizard.

Vanquished Creatures
  An orc priest (D:3)
  5 adders
  A worm (D:4)
  14 orcs
  6 bats
  2 endoplasms
  A giant cockroach (D:2)
  7 goblins
  5 hobgoblins
  9 jackals
  3 quokkas
  8 ball pythons
  A frilled lizard (D:3)
  8 kobolds
  A rat (D:3)
72 creatures vanquished.

Notes
Turn   | Place    | Note
-------+----------+-------------------------------------------
     0 | D:1      | Setbun the Kobold Enchanter began the quest for the Orb.
     0 | D:1      | Reached XP level 1. HP: 10/10 MP: 3/3
   126 | D:1      | Noticed a golden eye
   127 | D:1      | Found a faded altar of an unknown god.
   127 | D:1      | Noticed a golden eye
   130 | D:1      | Noticed a golden eye
   148 | D:1      | Noticed a floating eye
   198 | D:1      | Reached XP level 2. HP: 15/15 MP: 5/5
   952 | D:2      | Found a burning altar of Makhleb.
  1004 | D:2      | Found Cuqys's Assorted Antiques.
  1017 | D:2      | Reached XP level 3. HP: 16/20 MP: 6/6
  1411 | D:2      | You fall into a shaft and drop 2 floors!
  1416 | D:4      | Noticed a scorpion
  1662 | D:2      | Reached XP level 4. HP: 16/24 MP: 7/7
  2227 | D:2      | Reached skill level 1 in Fighting
  3002 | D:3      | Found Aterph's Book Boutique.
  3122 | D:3      | HP: 1/25 [something (1)]
  3424 | D:2      | Learned a level 2 spell: Ensorcelled Hibernation
  3428 | D:2      | Learned a level 3 spell: Confusing Touch
  3674 | D:3      | Reached XP level 5. HP: 7/29 MP: 7/9
  4024 | D:3      | Found a glowing silver altar of Zin.
  4853 | D:4      | Slain by an orc priest

Illustrated notes

Levels and vault maps discovered:
D:1:      heliophobic_arrival_henge, layout_basic,
          hellmonk_ecumenical_altar_watching_god
D:2:      layout_basic, serial_shops, shop, basic_altar
D:3:      layout_rooms, zin_treasury, serial_shops, nicolae_shop_behind_doors,
          minmay_liquid_box, minmay_misc_feat_four_crosses
D:4:      layout_basic, mainiacjoe_overflow_brackets

Skill      XL: |  1  2  3  4 |
---------------+-------------+-----
Short Blades   | 2 3 |  3.9
Fighting       | 1 |  1.6
Dodging        | 3 |  3.4
Stealth        | |  4.8
Spellcasting   | |  2.8
Hexes          | |  3.6

Action                   |  1- 3 |  4- 6 || total
-------------------------+-------+-------++-------
Melee: Dagger            |    66 |   111 ||   177
       Punch             |     1 |     1 ||     2
 Cast: Ensorcelled Hiber |       |    23 ||    23
  Use: Potion            |       |     1 ||     1
 Stab: Sleeping          |    10 |    19 ||    29
Armor: Robe              |    10 |    13 ||    23
Dodge: Dodged            |    62 |   101 ||   163

Table legend: (Time is in decaauts)
 A = Elapsed time spent in this place.
 B = Non-inter-level travel time spent in this place.
 C = Inter-level travel time spent in this place.
 D = Time resting spent in this place.
 E = Time spent auto-exploring this place.
 F = Levels seen in this place.
 G = Mean time per level.
                   A        B        C        D        E       F      G
               +--------+--------+--------+--------+--------+-----+--------+
         Total |   4834 |   4782 |     52 |   1432 |   2664 |   4 | 1208.5 |
       Dungeon |   4834 |   4782 |     52 |   1432 |   2664 |   4 | 1208.5 |
               +--------+--------+--------+--------+--------+-----+--------+

Top non-repeatable levels by time:
     D:2: 2213 daAuts
     D:3: 973 daAuts
     D:1: 924 daAuts
     D:4: 723 daAuts
